 Dungeon Crawl Stone Soup version 0.32-a0-747-gc8563f6773 (webtiles) character file.

Game seed: 4132757118795250032

72119 Doorstop00 the Severer (level 15, -2/201 HPs)
             Began as a Minotaur Berserker on Mar 15, 2024.
             Was the Champion of Trog.
             Slain by an orc warlord
             ... wielding a +0 long sword
              (9 damage)
             ... on level 1 of the Orcish Mines on Mar 17, 2024.
             The game lasted 02:18:05 (21756 turns).

Doorstop00 the Severer (Minotaur Berserker)        Turns: 21756, Time: 02:18:06

Health: -2/201     AC: 21    Str: 29    XL:     15   Next: 0%
Magic:  14/14      EV: 13    Int:  4    God:    Trog [******]
Gold:   1446       SH:  5    Dex: 10    Spells: 14/14 levels left

rFire   . . .        v - +5 battleaxe (chaos)
rCold   + . .        (shield currently unavailable)
rNeg    . . .        K - +0 swamp dragon scales
rPois   +            (helmet restricted)
rElec   .            M - +2 cloak {rCorr}
rCorr   +            o - +0 pair of gloves
SInv    .            a - +0 pair of boots
Will    +....        t - amulet of reflection Stlth
                     z - +4 ring of protection
HPRegen 0.53/turn    Y - ring of protection from cold
MPRegen 0.14/turn

%: reflection
@: berserking, very quick
A: horns 2, retaliatory headbutt
a: Renounce Religion, Berserk, Trog's Hand, Brothers in Arms


You were on level 1 of the Orcish Mines.
You worshipped Trog.
Trog was exalted by your worship.
You visited 3 branches of the dungeon, and saw 20 of its levels.

You collected 1619 gold pieces.
You spent 173 gold pieces at shops.

Inventory:

Hand Weapons
 c - a +4 mace of holy wrath
 j - a +1 antimagic demon trident
 n - the +9 halberd "Niaklile" {flame, Str+3}
   (You found it on level 3 of the Lair of Beasts)

   Str+3:     It affects your strength (+3).
 p - a +0 demon whip of venom
 v - a +5 battleaxe of chaos (weapon)
 w - a +2 great mace of protection
Missiles
 g - 4 throwing nets (quivered)
Armour
 a - a +0 pair of boots (worn)
 e - a scarf of invisibility
 o - a +0 pair of gloves (worn)
 u - a +0 buckler
 K - +0 swamp dragon scales (worn)
 M - a +2 cloak of preservation (worn)
 N - a +3 ring mail of cold resistance
Jewellery
 f - a ring of protection from cold
 r - a +6 ring of intelligence
 t - an amulet of reflection (around neck)
 z - a +4 ring of protection (left hand)
 J - a ring of flight
 U - a ring of see invisible
 Y - a ring of protection from cold (right hand)
Talismans
 m - a serpent talisman
Wands
 i - a wand of mindburst (5)
 l - a wand of iceblast (17)
 C - a wand of flame (52)
Scrolls
 b - 2 scrolls of immolation
 s - 3 scrolls of identify
 x - 5 scrolls of poison
 y - 3 scrolls of enchant armour
 D - 2 scrolls of revelation
 E - 2 scrolls of teleportation
 L - a scroll of blinking
 O - a scroll of enchant weapon
Potions
 d - 3 potions of curing
 k - a potion of magic {unknown}
 q - a potion of berserk rage {unknown}
 A - 4 potions of might
 B - a potion of haste {unknown}
 F - 3 potions of attraction
 G - a potion of mutation
 H - 3 potions of enlightenment
 I - 3 potions of brilliance
 P - 2 potions of resistance
Miscellaneous
 h - a tin of tremorstones (2/2)


   Skills:
 + Level 12.6 Fighting
 + Level 17.8(19.6) Axes
 - Level 10.2(15.2) Maces & Flails
 * Level 9.6(14.8) Polearms
 * Level 12.4 Armour
 * Level 10.3 Dodging
 + Level 2.2 Stealth
 * Level 10.9 Shields
 + Level 0.9 Evocations


You had 14 spell levels left.
You didn't know any spells.
Your spell library was empty.

Dungeon Overview and Level Annotations

Branches:
Dungeon (13/15)            Temple (0/1) D:4            Lair (5/5) D:9
 Shoals (0/4) Lair:3       Spider (0/4) Lair:2        Slime (0/5) Lair:4
    Orc (2/2) D:12
    Elf: Orc:2       Vaults: D:13-14

Altars:
Ashenzari
Fedhas
Gozag
Nemelex Xobeh
Sif Muna
Trog
Zin
The Shining One
Jiyva

Shops:
D:4 *   D:5 *(   D:7 ?   D:11 (

Annotations:
Lair:3 exclusion: 2 oklob plants
Lair:5 2 runed translucent doors


Innate Abilities, Weirdness & Mutations

You have a pair of horns on your head.
You reflexively headbutt those who attack you in melee.


Message History

The orc knight hits you with a +1 great sword of holy wrath!!
* * * LOW HITPOINT WARNING * * *
The orc warlord blocks your attack.
You headbutt the orc warlord.
The orc warlord is moderately wounded.
You barely miss the orc warrior.
You open the orc knight like a pillowcase!!!
You feel the power of Trog in you as your rage grows.
You kill the orc knight!
Trog accepts your kill.
The orc warlord hits you with a +0 long sword!!
* * * LOW HITPOINT WARNING * * *
The orc warrior hits you with a +0 flail!
* * * LOW HITPOINT WARNING * * *
You have reached level 15!
Your experience leads to an increase in your attributes!
Increase (S)trength, (I)ntelligence, or (D)exterity?
You feel stronger. x2
The orc warlord blocks your attack.
The orc warlord is moderately wounded.
You slice the orc warrior!!
You kill the orc warrior!
Trog accepts your kill. The orc warlord blocks your attack.
You headbutt the orc warlord.
The orc warlord is moderately wounded.
The orc warlord completely misses you. The orc warlord blocks your attack.
You headbutt the orc warlord!
The orc warlord is heavily wounded.
You are too berserk!
You slice the orc warlord!! You burn the orc warlord.
You headbutt the orc warlord!
The orc warlord is severely wounded.
You block the orc warlord's attack. The orc warlord blocks your attack.
The orc warlord is severely wounded.
The orc warlord blocks your attack.
The orc warlord is severely wounded.
You hit the orc warlord.
You feel better.
The orc warlord is almost dead.
The orc warlord hits you with a +0 long sword!
You die...

#......####.......#
####.....#.#.......##
##.####.....##.......# #...#
#.....#...###...
###...######.[)...# #...
##......## #...)...####..
##........####.......#####
##....)..))).#...#.....#
#......#.o@[.....##....###
##....####[)[...##.#.....##
##.....###..)....####......#
#......##.........#.......##
##.....##.........#.....###
##..........##...#...###
##.##..^.####........#
###....## #....##.## ###..#
##..#####


You could see an orc warlord (strong, very poisoned).

Vanquished Creatures
  Snorg (D:12)
  Fannar (Lair:2)
  5 hydras
  Erica (D:11)
  A centaur warrior (D:13)
  3 two-headed ogres
  2 catoblepae
  A death yak (Lair:4)
  Urug (D:11)
  2 orc high priests (Orc:2)
  Sonja (D:11)
  Amaemon (Lair:3)
  Nergalle (Orc:1)
  4 skysharks
  A lindwurm (Lair:5)
  An orb spider (Lair:2)
  3 orc knights (Orc:1)
  A deep elf pyromancer (D:13)
  An ugly thing (D:13)
  2 oklob plants (Lair:3)
  2 cyclopes (D:12)
  Maurice (D:7)
  2 kobold blastminers (Orc:1)
  21 elephants
  The ghost of Dazliare the Conjurer, a novice OnRe of Beogh (D:4)
  Joseph (D:8)
  9 black mambas
  A gargoyle (D:12)
  3 molten gargoyles (Lair:5)
  An orange demon (Lair:3)
  Maggie (D:8)
  2 rime drakes (Lair:4)
  12 cane toads
  Jeremiah (D:8)
  20 komodo dragons
  3 trolls
  2 polar bears
  Grinder (D:7)
  A glass eye (Lair:3)
  11 blink frogs
  13 dream sheep (Lair:5)
  Sigmund (D:3)
  11 slime creatures
  A shadow (D:12)
  11 wyverns
  50 yaks
  A wraith (D:11)
  11 basilisks
  3 steam dragons
  3 wargs
  6 vampire mosquitoes
  Grum (D:9)
  An acid dragon (D:12)
  14 water moccasins
  2 hell hounds (Lair:5)
  A black bear (D:5)
  An ice beast (shapeshifter) (Lair:2)
  13 orc warriors
  3 sky beasts
  5 centaurs
  27 wolves
  7 ogres
  2 phantoms
  5 kobold brigands
  14 bullfrogs
  3 gnoll sergeants
  5 scorpions
  A wyvern skeleton (D:4)
  5 wights (D:9)
  A water moccasin skeleton (D:4)
  9 killer bees (D:9)
  10 howler monkeys
  2 lava snakes (Lair:5)
  4 orc priests
  10 jellies
  Crazy Yiuf (D:2)
  A gnoll bouda (D:9)
  4 hounds
  7 iguanas
  11 orc wizards
  2 sleepcaps
  Robin (D:2)
  19 gnolls
  8 adders
  A white imp (D:7)
  2 ufetubi (D:7)
  3 dart slugs
  A ribbon worm (D:3)
  41 orcs
  12 ball pythons
  16 endoplasms
  4 giant cockroaches
  14 goblins
  12 hobgoblins
  7 jackals
  3 quokkas
  10 bats
  13 frilled lizards
  27 kobolds
  10 rats
617 creatures vanquished.

Vanquished Creatures (collateral kills)
  A wolf (Lair:1)
1 creature vanquished.

Vanquished Creatures (others)
  A yak (Lair:4)
  A kobold (D:9)
  2 orc zombies
4 creatures vanquished.

Grand Total: 622 creatures vanquished

Notes
Turn   | Place    | Note
-------+----------+-------------------------------------------
     0 | D:1      | Doorstop00 the Minotaur Berserker began the quest for the
                  | Orb.
     0 | D:1      | Reached XP level 1. HP: 19/19 MP: 0/0
   184 | D:1      | Reached XP level 2. HP: 27/27 MP: 1/1
   355 | D:1      | Reached skill level 4 in Axes
   497 | D:1      | Reached ** piety under Trog
   707 | D:1      | Reached XP level 3. HP: 34/34 MP: 2/2
  1019 | D:2      | Reached XP level 4. HP: 5/41 MP: 3/3
  1268 | D:2      | Reached skill level 1 in Maces & Flails
  1269 | D:2      | Reached skill level 5 in Axes
  1309 | D:2      | Noticed Robin
  1316 | D:2      | Killed Robin
  1377 | D:2      | Reached *** piety under Trog
  1384 | D:2      | Reached XP level 5. HP: 47/47 MP: 4/4
  1653 | D:2      | Found a runed translucent door.
  1654 | D:2      | Noticed Crazy Yiuf
  1665 | D:2      | Killed Crazy Yiuf
  2671 | D:3      | Noticed Sigmund
  2695 | D:3      | Reached XP level 6. HP: 47/55 MP: 5/5
  2700 | D:3      | Reached **** piety under Trog
  2713 | D:3      | Killed Sigmund
  2714 | D:3      | Reached skill level 5 in Fighting
  3138 | D:4      | Reached XP level 7. HP: 53/61 MP: 6/6
  3172 | D:4      | Found Foemov's Assorted Antiques.
  3230 | D:4      | Bought a scroll labelled KABBAL PUMIDECW for 23 gold pieces
  3287 | D:4      | Reached skill level 5 in Armour
  3549 | D:4      | Found a staircase to the Ecumenical Temple.
  3700 | D:4      | Found a runed translucent gate.
  3701 | D:4      | Found a runed translucent gate.
  3702 | D:4      | Found a runed translucent gate.
  3703 | D:4      | Noticed Dazliare's ghost (novice OnRe)
  3734 | D:4      | Killed Dazliare's ghost
  3735 | D:4      | Reached skill level 6 in Axes
  3735 | D:4      | Reached skill level 1 in Shields
  3735 | D:4      | Reached XP level 8. HP: 47/69 MP: 7/7
  3914 | D:5      | Entered Level 5 of the Dungeon
  3961 | D:5      | Found an opulent altar of Gozag.
  3988 | D:5      | Found Onetin's Overcharged Wands.
  4022 | D:5      | Found a broken altar of Ashenzari.
  4116 | D:5      | Found Tuaxta's Weapon Emporium.
  4318 | D:5      | Found a sparkling altar of Nemelex Xobeh.
  4346 | D:5      | Reached skill level 7 in Axes
  4906 | D:5      | Reached XP level 9. HP: 77/77 MP: 8/8
  5065 | D:5      | Reached skill level 8 in Axes
  5369 | D:6      | Reached skill level 5 in Dodging
  5703 | D:6      | Identified the +6 shortbow of Ignis {heavy, rC+ rCorr
                  | Str+3}
  6177 | D:7      | Found Noanwopp's Magic Scroll Boutique.
  6196 | D:7      | Bought a scroll of enchant armour for 75 gold pieces
  6196 | D:7      | Bought a scroll of revelation for 75 gold pieces
  6340 | D:7      | Noticed Grinder
  6352 | D:7      | Paralysed by Grinder for 4 turns
  6358 | D:7      | Killed Grinder
  6358 | D:7      | Reached ***** piety under Trog
  6359 | D:7      | Reached skill level 9 in Axes
  6865 | D:8      | Noticed Maggie
  6877 | D:8      | Killed Maggie
  6878 | D:8      | Reached skill level 10 in Axes
  6879 | D:8      | Noticed Jeremiah
  6912 | D:8      | Killed Jeremiah
  6913 | D:8      | Reached XP level 10. HP: 58/85 MP: 9/9
  7006 | D:8      | Noticed Maurice
  7015 | D:8      | Noticed Joseph
  7016 | D:8      | Maurice stole a ring of ice
  7286 | D:7      | Something stole a +4 mace of holy wrath
  7288 | D:7      | Something stole 218 gold
  7307 | D:7      | Killed Maurice
  7546 | D:8      | Reached skill level 11 in Axes
  7560 | D:8      | Killed Joseph
  8169 | D:9      | Noticed Grum
  8194 | D:9      | Killed Grum
  8414 | D:9      | Reached skill level 12 in Axes
  8613 | D:9      | Reached XP level 11. HP: 91/95 MP: 10/10
  8651 | D:9      | Received a gift from Trog
  8968 | D:9      | Reached skill level 5 in Shields
  9112 | D:9      | Found a staircase to the Lair.
  9118 | Lair:1   | Entered Level 1 of the Lair of Beasts
  9261 | D:9      | Reached skill level 13 in Axes
  9522 | D:9      | Found a bloodstained altar of Trog.
  9529 | D:9      | Found a blossoming altar of Fedhas.
  9534 | D:9      | Found a shimmering blue altar of Sif Muna.
  9764 | D:10     | Entered Level 10 of the Dungeon
 10302 | D:10     | Noticed a two-headed ogre
 10313 | D:10     | Killed a two-headed ogre
 10837 | D:10     | Found a glowing silver altar of Zin.
 11491 | D:11     | Noticed Urug
 11492 | D:11     | Found Ymosae's Weapon Boutique.
 11492 | D:11     | Noticed a two-headed ogre
 11507 | D:11     | Killed a two-headed ogre
 11512 | D:11     | Killed Urug
 11513 | D:11     | Reached skill level 1 in Polearms
 11705 | D:11     | Noticed Erica
 11717 | D:11     | Killed Erica
 11718 | D:11     | Reached skill level 14 in Axes
 12173 | D:12     | Reached XP level 12. HP: 84/106 MP: 11/11
 12255 | D:12     | Found a staircase to the Orcish Mines.
 12472 | D:12     | Noticed Snorg
 12491 | D:12     | Killed Snorg
 12629 | D:12     | Reached skill level 10 in Fighting
 12753 | D:13     | Noticed a two-headed ogre
 12760 | D:12     | Killed a two-headed ogre
 12902 | D:13     | Noticed a seven-headed hydra
 12995 | D:11     | Noticed Sonja
 13012 | D:11     | Killed Sonja
 13013 | D:11     | Reached skill level 10 in Maces & Flails
 13133 | D:11     | Killed a seven-headed hydra
 13134 | D:11     | Reached skill level 10 in Armour
 13290 | D:12     | Reached skill level 15 in Axes
 13544 | D:13     | Noticed a catoblepas
 13550 | D:13     | Noticed a centaur warrior
 13554 | D:13     | Killed a catoblepas
 13560 | D:13     | Killed a centaur warrior
 13756 | Lair:1   | Received a gift from Trog
 13881 | Lair:1   | Found a glowing golden altar of the Shining One.
 13957 | Lair:1   | Reached skill level 1 in Stealth
 14068 | Lair:1   | Reached XP level 13. HP: 114/115 MP: 12/12
 14784 | Lair:2   | Reached ****** piety under Trog
 14785 | Lair:2   | Reached skill level 5 in Polearms
 14903 | Lair:2   | Noticed Fannar
 14922 | Lair:2   | Killed Fannar
 14923 | Lair:2   | Reached skill level 16 in Axes
 15090 | Lair:2   | Received a gift from Trog
 15259 | Lair:2   | Found a hole to the Spider Nest.
 16181 | Lair:3   | Found a staircase to the Shoals.
 16201 | Lair:3   | Identified the +9 halberd "Niaklile" {flame, Str+3}
 16348 | Lair:3   | Noticed Amaemon
 16367 | Lair:3   | Killed Amaemon
 17013 | Lair:3   | HP: 3/116 [oklob plant/splash of acid (13)]
 17821 | Lair:4   | Found a viscous altar of Jiyva.
 17821 | Lair:4   | Found a staircase to the Slime Pits.
 17957 | Lair:4   | Reached XP level 14. HP: 9/125 MP: 13/13
 18734 | Lair:4   | Received a gift from Trog
 18838 | Lair:4   | Reached skill level 10 in Shields
 19238 | Lair:5   | Entered Level 5 of the Lair of Beasts
 19258 | Lair:4   | Reached skill level 17 in Axes
 19745 | Lair:5   | Upgraded the game from 0.32-a0-711-g016ad743e0 to
                  | 0.32-a0-747-gc8563f6773
 20038 | Lair:5   | Reached skill level 10 in Dodging
 20351 | Lair:5   | Identified the +1 leather armour of Tortelloni {+Inv Dex+2
                  | Slay-3}
 20470 | Lair:5   | Received a gift from Trog
 20620 | Lair:5   | Found a large runed translucent door.
 20620 | Lair:5   | Found a large runed translucent door.
 20959 | Orc:1    | Entered Level 1 of the Orcish Mines
 20962 | Orc:1    | Noticed Nergalle
 20980 | Orc:1    | Killed Nergalle
 21257 | Orc:2    | Entered Level 2 of the Orcish Mines
 21555 | Orc:2    | Noticed an orc warlord
 21749 | Orc:1    | HP: 3/190 [orc warrior/+0 flail (14)]
 21750 | Orc:1    | Reached XP level 15. HP: 3/134 MP: 14/14
 21756 | Orc:1    | Slain by an orc warlord

Illustrated notes

Levels and vault maps discovered:
D:1:      onia_arrival_pyramid, layout_basic, minmay_circled_x
D:2:      layout_loops_cross, grunt_decor_clamped, minmay_misc_feat_enclosed,
          amethyst_killhole, minmay_circle_x, uniq_robin,
          uniq_crazy_yiuf_cottage
D:3:      layout_loops_ring, uniq_sigmund
D:4:      layout_rooms, minmay_temple_entry_grid, serial_shops, shop,
          gammafunk_ghost_necromancy
D:5:      layout_basic, mainiacjoe_overflow_cross_hatched, old_standard_altar,
          nemelex_spade_bored_becter, serial_shops,
          nicolae_shop_pleasant_corner_grove, grunt_ministairs_6,
          chequers_serial_rivers_micro_d, kb_lookout_dungeons_type, st_stairs_3,
          nicolae_shop_overcharged_wands, uniq_grinder
D:6:      layout_basic, serial_glass, glass_columns_b, glass_columns_a,
          feat_on_display, item_on_display_a, chequers_serial_rivers_marsh
D:7:      layout_gridville, serial_shops, nicolae_stop_n_shop_2,
          hangedman_minor_gate_pass
D:8:      layout_cave_pools, uniq_jeremiah, uniq_maurice, uniq_maggie,
          uniq_joseph
D:9:      layout_roguey, minmay_overflow_temple_star_quad, erik_lair_dragon,
          lemuel_flamethrower_2, uniq_grum
D:10:     layout_layer_cave, zin_statuary
D:11:     layout_rooms, serial_shops, nicolae_shop_crystal,
          serial_bayou_crossing, uniq_erica, uniq_sonja, uniq_urug
D:12:     layout_cave_pools, orc_0_dummy, uniq_snorg
D:13:     layout_rooms, minmay_microvault, uniq_frances
Lair:1:   beast_lair_carwin_large_4, layout_long_grid, basic_altar
Lair:2:   layout_chaotic_city, nicolae_spider_entry_orb_guardian, uniq_fannar
Lair:3:   minmay_lair_oklob_chamber, layout_concentric_octagons,
          shoals_dummy_entry, uniq_amaemon
Lair:4:   layout_regular_city, nicolae_slime_entry_slimehenge,
          chequers_serial_rivers_small_3, grunt_megastairs_5, lemuel_fruit_tree
Lair:5:   cheibrodos_lair_end_hotspot, layout_regular_city, minivault_11,
          serial_bayou_pond_b, st_stairs_6
Orc:1:    layout_diamond_mine, uniq_nergalle
Orc:2:    grunt_orc_gardens, layout_caves, grunt_orc_garden, grunt_orc_garden,
          grunt_orc_garden, grunt_orc_garden

Skill      XL: |  1  2  3  4  5  6  7  8  9 10 11 12 13 14 |
---------------+-------------------------------------------+-----
Fighting       | 4 5 6 7 8 9 10 11 12 | 12.6
Axes           | 4 5 6 7 10 12 14 15 16 17 | 17.8
Maces & Flails | 1 3 4 6 7 8 9 10 | 10.2
Armour         | 3 4 5 6 7 8 9 10 11 12 | 12.4
Dodging        | 3 4 5 6 7 8 9 10 | 10.3
Shields        | 1 2 3 4 6 8 9 10 | 10.9
Polearms       | 1 4 7 9 |  9.6
Stealth        | 1 2 |  2.2
Evocations     | |  0.9

Action                     |  1- 3 |  4- 6 |  7- 9 | 10-12 | 13-15 || total
---------------------------+-------+-------+-------+-------+-------++-------
  Melee: Hand axe          |    60 |       |   237 |       |       ||   297
         Headbutt          |     8 |    22 |    62 |   115 |   147 ||   354
         Flail             |       |   178 |    37 |       |       ||   215
         War axe           |       |       |     5 |   164 |       ||   169
         Broad axe         |       |       |       |   307 |       ||   307
         Battleaxe         |       |       |       |    50 |   535 ||   585
         Trident           |       |       |       |    11 |    18 ||    29
         Halberd           |       |       |       |       |    53 ||    53
         Mace              |       |       |       |       |    15 ||    15
 Invoke: Berserk           |     1 |     2 |     1 |     6 |     3 ||    13
         Trog's Hand       |       |       |       |       |     2 ||     2
  Evoke: Wand              |       |     2 |     4 |     8 |     3 ||    17
    Use: Scroll            |     4 |     2 |     6 |     9 |    10 ||    31
         Potion            |     1 |     1 |       |     2 |     4 ||     8
   Stab: Paralysed         |       |       |       |     1 |     1 ||     2
         Confused          |       |       |       |     1 |       ||     1
         Distracted        |       |       |       |       |     1 ||     1
         Petrifying        |       |       |       |       |     1 ||     1
 Armour: Animal skin       |    11 |       |       |       |       ||    11
         Leather armour    |    11 |       |       |       |       ||    11
         Scale mail        |    14 |    47 |       |       |       ||    61
         Plate armour      |       |    80 |       |       |       ||    80
         Ring mail         |       |    48 |   109 |       |       ||   157
         Swamp dragon scal |       |       |     3 |   403 |   542 ||   948
  Dodge: Dodged            |    42 |    75 |    72 |   228 |   376 ||   793
  Block: Buckler           |       |       |    82 |   228 |    14 ||   324
         Reflection        |       |       |     6 |    13 |     2 ||    21
         Other             |       |       |       |    15 |   106 ||   121

Table legend: (Time is in decaauts)
 A = Elapsed time spent in this place.
 B = Non-inter-level travel time spent in this place.
 C = Inter-level travel time spent in this place.
 D = Time resting spent in this place.
 E = Time spent auto-exploring this place.
 F = Levels seen in this place.
 G = Mean time per level.
                   A        B        C        D        E       F      G
               +--------+--------+--------+--------+--------+-----+--------+
         Total |  21704 |  21118 |    586 |   4154 |  10440 |  20 | 1085.2 |
       Dungeon |  13708 |  13333 |    375 |   1858 |   7952 |  13 | 1054.5 |
          Lair |   7216 |   7006 |    210 |   1880 |   2487 |   5 | 1443.2 |
  Orcish Mines |    780 |    780 |      0 |    416 |      0 |   2 |  390.0 |
               +--------+--------+--------+--------+--------+-----+--------+

Top non-repeatable levels by time:
  Lair:2: 1765 daAuts
  Lair:3: 1754 daAuts
     D:9: 1739 daAuts
     D:5: 1434 daAuts
  Lair:5: 1406 daAuts
    D:10: 1387 daAuts
  Lair:4: 1255 daAuts
     D:7: 1242 daAuts
    D:11: 1141 daAuts
     D:2: 1085 daAuts
     D:1: 1058 daAuts
  Lair:1: 1035 daAuts
     D:3: 1012 daAuts
    D:12: 859 daAuts
     D:4: 838 daAuts
